 Dungeon Crawl Stone Soup version 0.21.1-1-g345015fe64 (webtiles) character file.

737 Gargoyl the Skirmisher (level 7, 0/59 HPs)
             Began as a Centaur Abyssal Knight on May 3, 2018.
             Was a Believer of Lugonu.
             Slain by an orc warrior
             ... wielding a +0 war axe of flaming
              (15 damage)
             ... on level 4 of the Dungeon.
             The game lasted 00:07:47 (3177 turns).

Gargoyl the Skirmisher (Centaur Abyssal Knight)     Turns: 3177, Time: 00:07:48

Health: 0/59       AC:  7    Str: 16    XL:     7   Next: 46%
Magic:  10/10      EV: 10    Int: 11    God:    Lugonu [**....]
Gold:   139        SH:  9    Dex: 11    Spells: 6/6 levels left

rFire    . . .     SeeInvis .   a - +1 hand axe
rCold    . . .     Gourm    .   d - +2 shield
rNeg     . . .     Faith    .   j - +0 scale mail
rPois    .         Spirit   .   (no helmet)
rElec    .         Reflect  .   (no cloak)
rCorr    .         Harm     .   (no gloves)
MR       .....                  (no barding)
Stlth    ..........             (no amulet)
HPRegen  0.59/turn              h - +5 ring of evasion
MPRegen  0.12/turn              (no ring)

@: very quick
A: large, hooves 3, agile 1, blink, deformed body, speed 2, regeneration 1,
tough skin 3
a: Blink, Depart the Abyss, Bend Space, Renounce Religion


You were on level 4 of the Dungeon.
You worshipped Lugonu.
Lugonu was pleased with you.
You were not hungry.

You visited 1 branch of the dungeon, and saw 4 of its levels.
You visited the Abyss 1 time.

You collected 139 gold pieces.

Inventory:

Hand Weapons
 a - a +1 hand axe (weapon)
Armour
 d - a +2 shield (worn)
 j - a +0 scale mail (worn)
Jewellery
 h - a +5 ring of evasion (left hand)
Scrolls
 b - 2 scrolls of fog
 e - a scroll of fear
 f - a scroll of identify
 g - a scroll of remove curse
Comestibles
 c - 7 rations


   Skills:
 + Level 4.2 Fighting
 + Level 3.9 Axes
 * Level 3.7 Armour
 + Level 1.5 Dodging
 + Level 1.5 Shields
 * Level 4.1 Invocations


You had 6 spell levels left.
You didn't know any spells.

Dungeon Overview and Level Annotations

Branches:
Dungeon (4/15)             Temple (0/1) D:4

Altars:
Ru


Innate Abilities, Weirdness & Mutations

You have hooves in place of feet.
Armour fits poorly on your strangely shaped body.
You cover ground very quickly.
You have extremely tough skin. (AC +3)
You are agile. (Dex +2)
You can translocate small distances at will.
Your natural rate of healing is unusually fast.


Message History

You hit the orc warrior but do no damage.
The orc warrior closely misses you. The orc hits you.
You barely miss the orc. Your kick misses the orc.
The orc is lightly wounded.
You completely miss the orc warrior. You block the orc warrior's attack.
The orc hits you but does no damage.
You slash the orc!
You kill the orc!
Lugonu accepts your kill.
You hit the orc warrior. You block the orc warrior's attack.
You hit the orc warrior.
The orc warrior is heavily wounded.
The orc warrior hits you with a war axe of flaming!
The orc warrior burns you.
* * * LOW HITPOINT WARNING * * *
You barely miss the orc warrior.
You kick the orc warrior, but do no damage.
The orc warrior is heavily wounded.
The orc warrior hits you with a war axe of flaming!
You die...

#....#.#####.####
####.#........#.....
#....#.###.##.######
#.#........##.##....
#.#.##.###+##.##o##.
#.#.##........##..#[
#.#.##.##.....##..#.
#.#[##.##.....###.#.
#..@o...........#a#.
#.#####......##.#.#.
#.# #......#....#.
#.#####..#+#########
#.....W..#.. ...
########.#.## #####
#...#.#..# #.#.#.
#.......# #.#.#.#
#.......##.#.#.#.


You could see an orc warrior.

Vanquished Creatures
  The ghost of hofbold the Skirmisher, an amateur DsGl (D:4)
  Duvessa (D:4)
  The ghost of Thargor the Ducker, an amateur DsGl (D:3)
  Dowan (D:4)
  A scorpion (D:4)
  An orc priest (D:4)
  3 orc wizards (D:4)
  Terence (D:3)
  A worker ant (D:4)
  An ooze (D:3)
  A worm (D:4)
  A dart slug (D:1)
  14 orcs
  3 giant cockroaches
  4 goblins
  2 hobgoblins (D:3)
  5 jackals (D:2)
  9 kobolds
  A quokka (D:3)
  3 ball pythons
  8 bats
  5 frilled lizards
  A giant cockroach zombie (D:3)
  A jackal skeleton (D:4)
  A leopard gecko skeleton (D:4)
  8 rats
79 creatures vanquished.

Notes
Turn   | Place    | Note
-------+----------+-------------------------------------------
     0 | Abyss:1  | Gargoyl the Centaur Abyssal Knight began the quest for the Orb.
     0 | Abyss:1  | Reached XP level 1. HP: 19/19 MP: 2/2
    48 | Abyss:1  | Noticed an orange demon
    66 | Abyss:1  | Noticed an ancient zyme
    77 | Abyss:1  | Gained mutation: Your natural rate of healing is unusually fast. [potion of mutation]
    77 | Abyss:1  | Gained mutation: You can translocate small distances at will. [potion of mutation]
    77 | Abyss:1  | Gained mutation: You are agile. (Dex +2) [potion of mutation]
    89 | Abyss:1  | Noticed a flying skull
    99 | Abyss:1  | Noticed a quasit
   108 | D:1      | Escaped the Abyss
   281 | D:1      | Reached * piety under Lugonu
   281 | D:1      | Reached XP level 2. HP: 23/26 MP: 3/3
   835 | D:2      | Found a sacrificial altar of Ru.
  1312 | D:2      | Reached XP level 3. HP: 31/31 MP: 4/4
  1735 | D:3      | Noticed Terence
  1765 | D:3      | Killed Terence
  1765 | D:3      | Reached XP level 4. HP: 26/38 MP: 5/5
  1787 | D:3      | Reached skill level 1 in Dodging
  1820 | D:3      | Reached ** piety under Lugonu
  2181 | D:3      | Noticed Thargor's ghost (amateur DsGl)
  2208 | D:3      | Killed Thargor's ghost
  2208 | D:3      | Reached XP level 5. HP: 28/46 MP: 7/7
  2389 | D:4      | Noticed Duvessa
  2398 | D:4      | Noticed Dowan
  2407 | D:4      | Killed Duvessa
  2407 | D:4      | Reached XP level 6. HP: 52/52 MP: 8/8
  2454 | D:4      | Killed Dowan
  2454 | D:4      | Reached skill level 1 in Shields
  2588 | D:4      | Noticed hofbold's ghost (amateur DsGl)
  2859 | D:4      | Found a staircase to the Ecumenical Temple.
  2881 | D:4      | Reached XP level 7. HP: 44/59 MP: 9/9
  3021 | D:4      | Killed hofbold's ghost
  3177 | D:4      | Slain by an orc warrior

Skill      XL: |  1  2  3  4  5  6  7 |
---------------+----------------------+-----
Axes           | 2 3 |  3.9
Armour         | 2 3 |  3.7
Dodging        | 1 |  1.5
Invocations    | 3 4 |  4.1
Shields        | 1 |  1.5
Fighting       | 4 |  4.2

Action                   |  1- 3 |  4- 6 |  7- 9 || total
-------------------------+-------+-------+-------++-------
Melee: Hand axe          |   132 |   171 |    49 ||   352
       Kick              |    39 |    33 |     9 ||    81
Invok: Depart the Abyss  |     1 |       |       ||     1
  Use: Scroll            |     9 |     1 |     3 ||    13
       Potion            |     7 |     4 |       ||    11
  Eat: Ration            |     1 |       |     1 ||     2
       Chunk             |       |     1 |       ||     1
Armor: Leather armour    |    22 |       |       ||    22
       Scale mail        |    43 |    58 |    11 ||   112
       Skin              |       |    34 |       ||    34
Dodge: Dodged            |    46 |    29 |    13 ||    88
Block: Shield            |    36 |    66 |    20 ||   122
